 Dungeon Crawl Stone Soup version 0.24.0-37-gcf1ca852f1 (webtiles) character file.

Game seed: 11622912211787603633, levelgen mode: deterministic

272 Delamore the Cleaver (level 6, -2/51 HPs)
             Began as a Hill Orc Fighter on Dec 1, 2019.
             Slain by an orc
             ... wielding a +0 flail
              (7 damage)
             ... on level 4 of the Dungeon.
             The game lasted 00:02:50 (3426 turns).

Delamore the Cleaver (Hill Orc Fighter)             Turns: 3426, Time: 00:02:51

Health: -2/51      AC:  6    Str: 21    XL:     6   Next: 23%
Magic:  6/6        EV: 24    Int:  8    God:
Gold:   152        SH:  4    Dex: 10    Spells: 5/5 levels left

rFire    + + .     SeeInvis .   a - +0 war axe
rCold    . . .     Gourm    .   g - +0 buckler (curse)
rNeg     . . .     Faith    .   b - +0 scale mail
rPois    .         Spirit   .   (no helmet)
rElec    .         Reflect  .   (no cloak)
rCorr    .         Harm     .   (no gloves)
MR       .....                  (no boots)
Stlth    ..........             m - amulet of the acrobat
HPRegen  0.17/turn              j - ring of protection from fire
MPRegen  0.10/turn              p - ring of protection from fire

@: acrobat
A: no striking features
a: Convert to Beogh


You were on level 4 of the Dungeon.
You were not hungry.

You visited 1 branch of the dungeon, and saw 4 of its levels.

You collected 152 gold pieces.

Inventory:

Hand Weapons
 a - a +0 war axe (weapon)
Missiles
 o - 9 poisoned darts (quivered)
Armour
 b - a +0 scale mail (worn)
 c - a +0 shield
 g - a cursed +0 buckler (worn)
Jewellery
 j - a ring of protection from fire (left hand)
 m - an amulet of the acrobat (around neck)
 p - a ring of protection from fire (right hand)
 x - an uncursed ring of protection from fire
Wands
 n - a wand of flame (19)
Scrolls
 h - 4 scrolls of identify {unknown}
 l - 2 scrolls of remove curse {unknown}
 q - a scroll of immolation {unknown}
 s - 2 scrolls of teleportation {unknown}
 y - a scroll of amnesia {unknown}
Potions
 d - a potion of might
 e - 3 potions of berserk rage {unknown}
 i - a potion of invisibility {unknown}
 k - 2 potions of curing {unknown}
 r - a potion of heal wounds {unknown}
 t - a potion of ambrosia {unknown}
 u - a potion of agility {unknown}
 v - a potion of degeneration {unknown}
Comestibles
 f - 5 rations
 w - 4 chunks of flesh


   Skills:
 - Level 3.6 Fighting
 + Level 8.4 Axes
 - Level 3.2 Armour
 - Level 3.2 Shields


You had 5 spell levels left.
You didn't know any spells.
Your spell library was empty.

Dungeon Overview and Level Annotations

Branches:
Dungeon (4/15)
 Temple: D:4-7

Altars:
Hepliaklqana
Nemelex Xobeh
Xom


Message History

Something hits you.
Unknown command.
You closely miss the orc. You barely miss something. You closely miss the orc.
The orc hits you but does no damage. x2; Something hits you but does no damage.
You hit the orc.
The orc is lightly wounded.
You hit something. You hit the orc. The orc hits you with a +0 flail.
The orc hits you but does no damage. Something hits you but does no damage.
The orc priest calls upon Beogh to heal the orc.
The orc's wounds heal themselves!
You slash the orc!
You kill the orc!
You barely miss something. You hit the orc but do no damage.
The orc hits you with a +0 flail. Something hits you but does no damage.
The orc priest calls down the wrath of Beogh upon you.
Pain shoots through your body!
* * * LOW HITPOINT WARNING * * *
Something closely misses you. The orc priest misses you.
The orc hits you with a +0 flail!
You die...

#...........<..........
#......................
###########............
#...............
#.......########
#.......# #.......#
#########.......#
......o@........#
.......{o........#
.................#
....!............
.................
.................
.................
...........#####


You could see an orc priest and an orc.

Vanquished Creatures
  An ogre (D:4)
  Jessica (D:2)
  2 worker ants (D:4)
  A gnoll (D:1)
  An adder (D:3)
  An ooze (D:1)
  3 worms (D:3)
  A dart slug (D:1)
  6 orcs
  9 bats
  3 giant cockroaches
  12 goblins
  4 hobgoblins
  6 jackals
  2 quokkas
  6 frilled lizards
  5 kobolds
  4 rats
68 creatures vanquished.

Notes
Turn   | Place    | Note
-------+----------+-------------------------------------------
     0 | D:1      | Delamore the Hill Orc Fighter began the quest for the Orb.
     0 | D:1      | Reached XP level 1. HP: 19/19 MP: 1/1
    37 | D:1      | Reached skill level 3 in Axes
   102 | D:1      | Reached XP level 2. HP: 26/26 MP: 2/2
   287 | D:1      | Reached skill level 4 in Axes
   548 | D:1      | Reached XP level 3. HP: 31/31 MP: 3/3
   651 | D:1      | Reached skill level 5 in Axes
  1792 | D:2      | Reached XP level 4. HP: 38/39 MP: 4/4
  2005 | D:2      | Noticed Jessica
  2015 | D:2      | Killed Jessica
  2015 | D:2      | Reached skill level 6 in Axes
  2509 | D:3      | Found a faded altar of an unknown god.
  2710 | D:3      | Found a shimmering altar of Xom.
  2713 | D:3      | Reached XP level 5. HP: 40/45 MP: 5/5
  2714 | D:3      | Found a basalt altar of Yredelemnul.
  2714 | D:3      | Found a stormy altar of Qazlal.
  2716 | D:3      | Found a hazy altar of Hepliaklqana.
  2716 | D:3      | Found a sparkling altar of Nemelex Xobeh.
  2716 | D:3      | Found a glowing silver altar of Zin.
  3155 | D:4      | Noticed an ogre
  3161 | D:4      | Killed an ogre
  3161 | D:4      | Reached skill level 7 in Axes
  3187 | D:4      | Reached skill level 8 in Axes
  3196 | D:4      | Reached XP level 6. HP: 39/51 MP: 6/6
  3426 | D:4      | Slain by an orc

Levels and vault maps discovered:
D:1:      noname_arrival_rooms_in_the_neighbourhood, layout_basic
D:2:      layout_basic, uniq_jessica
D:3:      layout_loops_ring, doesnt_xom_only_xom,
          chequers_ecumenical_altar_simple_redux, first_ration,
          chequers_serial_rivers_small_b, minmay_misc_feat_doors
D:4:      layout_basic

Skill      XL: |  1  2  3  4  5 |
---------------+----------------+-----
Axes           | 3 4 5 6 8 |  8.4
Fighting       | |  3.6
Armour         | |  3.2
Shields        | |  3.2

Action                   |  1- 3 |  4- 6 || total
-------------------------+-------+-------++-------
Melee: War axe           |   126 |   104 ||   230
  Eat: Chunk             |     3 |     5 ||     8
Armor: Scale mail        |    39 |    34 ||    73
Dodge: Dodged            |    59 |    64 ||   123
Block: Shield            |    12 |       ||    12
       Buckler           |    23 |    21 ||    44
